 Dungeon Crawl Stone Soup version 0.27-a0-951-gae3e1deef5 (webtiles) character file.

Game seed: 3430128367211191078

15213 Alarkh the Martial Artist (level 11, 0/109 HPs)
             Began as a Demonspawn Transmuter on Apr 11, 2021.
             Was a Believer of Cheibriados.
             Slain by a seven-headed hydra (13 damage)
             ... on level 1 of the Lair of Beasts.
             The game lasted 00:19:10 (9483 turns).

Alarkh the Martial Artist (Demonspawn Transmuter)   Turns: 9483, Time: 00:19:11

Health: 0/109      AC:  7    Str: 15    XL:     11   Next: 98%
Magic:  7/21       EV:  9    Int: 22    God:    Cheibriados [**....]
Gold:   272        SH:  0    Dex: 17    Spells: 10/23 levels left

rFire    + . .     SeeInvis .     - Unarmed
rCold    . . .     Faith    .   (shield currently unavailable)
rNeg     . . .     Spirit   .   (armour currently unavailable)
rPois    +         Reflect  .   (helmet currently unavailable)
rElec    .         Harm     .   (cloak currently unavailable)
rCorr    .         Rampage  .   (gloves currently unavailable)
Will     .....                  (boots currently unavailable)
Stlth    +++.......             d - amulet of regeneration
HPRegen  2.28/turn              A - +4 ring of slaying
MPRegen  0.17/turn              l - ring of protection from fire

@: about to teleport, hydra-form, very slightly contaminated, very slow
A: fast swimmer, devour, amphibious, boosted hp, very large, (claws 1), (yellow
scales 2), powered by death 1, demonic magic 3
a: End Transformation, Renounce Religion, Bend Time


You were on level 1 of the Lair of Beasts.
You worshipped Cheibriados.
Cheibriados was pleased with you.
You were a three-headed hydra.
You visited 3 branches of the dungeon, and saw 12 of its levels.

You collected 461 gold pieces.
You spent 189 gold pieces at shops.

Inventory:

Missiles
 u - 45 poisoned darts
 B - a curare-tipped dart
Armour
 a - a +0 robe
 M - the +1 ring mail "Sosy" {Contam Fly Str+8 Stlth+}
   (You bought it in a shop on level 9 of the Dungeon)

   It affects your strength (+8).
   It grants you flight.
   It causes magical contamination when unequipped.
   It makes you more stealthy.
 O - a +1 troll leather armour (melded)
Magical Staves
 b - a staff of conjuration
 P - a staff of cold
Jewellery
 c - a ring of ice
 d - an amulet of regeneration (around neck)
 k - a ring of willpower
 l - a ring of protection from fire (right foreclaw)
 q - a ring of ice
 s - a ring of wizardry
 A - a +4 ring of slaying (left foreclaw)
 D - a ring of protection from cold
 E - an amulet of magic regeneration
 L - a ring of magical power
Wands
 G - a wand of polymorph (6)
 I - a wand of mindburst (38)
 J - a wand of iceblast (9)
 K - a wand of digging (7)
Scrolls
 e - 2 scrolls of brand weapon
 f - 3 scrolls of vulnerability
 g - a scroll of holy word {unknown}
 j - 2 scrolls of fog {unknown}
 m - 3 scrolls of amnesia {unknown}
 o - a scroll of torment {unknown}
 p - a scroll of enchant weapon
 r - a scroll of identify
 t - 3 scrolls of teleportation
 x - 2 scrolls of magic mapping {unknown}
 y - a scroll of fear {unknown}
 z - 4 scrolls of noise {unknown}
 C - a scroll of acquirement {unknown}
Potions
 h - 2 potions of flight
 i - 4 potions of curing
 n - 6 potions of heal wounds
 v - 2 potions of invisibility
 w - 2 potions of brilliance
 F - 2 potions of haste
 H - a potion of mutation
 N - 3 potions of lignification


   Skills:
 + Level 7.2 Fighting
 + Level 3.8 Dodging
 + Level 3.7 Stealth
 * Level 12.9 Unarmed Combat
 + Level 6.8 Spellcasting
 + Level 6.8 Transmutations
 + Level 4.8 Invocations


You had 10 spell levels left.
You knew the following spells:

 Your Spells              Type           Power      Damage    Failure   Level
a - Hydra Form            Tmut           18%        N/A       14%         5
b - Beastly Appendage     Tmut           74%        N/A       1%          1
c - Ice Form              Ice/Tmut       22%        N/A       21%         4
d - Spider Form           Tmut/Pois      11%        N/A       6%          3

Your spell library contained the following spells:

 Spells                   Type           Power      Damage    Failure   Level
 Wereblood                Tmut           37%        N/A       1%          2
 Corona                   Hex            7%         N/A       9%          1
 Ensorcelled Hibernation  Hex/Ice        14%        N/A       13%         2
 Slow                     Hex            7%         N/A       13%         2
 Confusing Touch          Hex            7%         N/A       26%         3
 Dazzling Flash           Conj/Hex       14%        N/A       26%         3
 Inner Flame              Hex/Fire       7%         N/A       26%         3
 Portal Projectile        Hex/Tloc       14%        N/A       26%         3
 Tukima's Dance           Hex            7%         N/A       26%         3
 Cause Fear               Hex            3%         N/A       63%         4
 Leda's Liquefaction      Hex/Erth       3%         N/A       63%         4


Dungeon Overview and Level Annotations

Branches:
Dungeon (10/15)            Temple (1/1) D:7            Lair (1/6) D:10
    Orc: D:9-12

Altars:
Ashenzari
Cheibriados
Dithmenos
Elyvilon
Fedhas
Gozag
Hepliaklqana
Kikubaaqudgha
Makhleb
Nemelex Xobeh
Okawaru
Qazlal
Ru
Sif Muna
Trog
Uskayaw
Vehumet
Wu Jian
Xom
Yredelemnul
Zin
The Shining One

Shops:
D:1 :*([(   D:5 (*   D:9 (*=[   D:10 *!(


Innate Abilities, Weirdness & Mutations

You are a three-headed hydra.
You swim very quickly.
You can devour living enemies to heal.
You are amphibious.
Your maximum health is greatly increased.
Your armour is entirely melded.
You are incapable of wielding weapons or throwing items.
((You have sharp fingernails.))
((You are mostly covered in yellow scales. (AC +3)))
You regenerate a little health from kills.
Spells you cast and wands you use may paralyse nearby enemies.


Message History

You closely miss the wolf. The wolf bites you. x2
You nip at the wolf.
The wolf is heavily wounded.
You bite the wolf!
You nip at the bullfrog.
The wolf is no longer paralysed.
The wolf bites you! The wolf bites you. The bullfrog barely misses you.
The wolf barely misses you.
You nip at the wolf but do no damage.
The wolf is severely wounded.
You bite the wolf!
You devour the wolf!
You feel better.
You kill the wolf!
Cheibriados thoroughly appreciates the change of pace.
You bite the bullfrog! The bullfrog hits you! The wolf bites you.
You nip at the wolf.
You devour the wolf!
You feel better.
You kill the wolf!
Cheibriados thoroughly appreciates the change of pace.
You closely miss the bullfrog.
The bullfrog hits you but does no damage.
You gouge the bullfrog!!
You devour the bullfrog!
You feel better.
You kill the bullfrog!
Cheibriados appreciates the change of pace.
You bite the wolf! The wolf barely misses you.
You bite the wolf!
The wolf is almost dead.
You nip at the seven-headed hydra.
The wolf bites you but does no damage.
You gouge the wolf!!
You devour the wolf!
You feel better.
You kill the wolf!
Cheibriados appreciates the change of pace.
You bite the seven-headed hydra!
The seven-headed hydra barely misses you.
The seven-headed hydra bites you. The seven-headed hydra bites you! x2
The seven-headed hydra bites you. x2; The seven-headed hydra bites you!
As you read the scroll of teleportation, it crumbles to dust.
You feel strangely unstable. The seven-headed hydra bites you! x3
* * * LOW HITPOINT WARNING * * *
The seven-headed hydra bites you!
* * * LOW HITPOINT WARNING * * *
The seven-headed hydra bites you.
* * * LOW HITPOINT WARNING * * *
The seven-headed hydra bites you!
You die...

## ## ### ###.##
##.###########.#
......
####?..#.........##
......
#≈≈≈≈≈≈#.........##
......
####...#...P##P...#
......
.......D...#####.##
...... ...P...#D..#
#..# ######
...#...#...# #P.# #
. .....#....# ##.#
## .D.#...#....#
#.# .# ..
#...#...## #.# ## .
##+##...#####.# #
....#P#.#.## #
...........# #
.....# ##......##


You could see a seven-headed hydra.

Vanquished Creatures
  2 two-headed ogres (D:10)
  A deep elf pyromancer (D:9)
  An ugly thing (D:10)
  A black mamba (Lair:1)
  A cane toad (Lair:1)
  Joseph (D:7)
  A rime drake (Lair:1)
  3 komodo dragons
  3 trolls (D:10)
  Prince Ribbit (D:8)
  A wyvern (Lair:1)
  12 yaks (Lair:1)
  A basilisk (Lair:1)
  An acid dragon (D:10)
  4 water moccasins
  An orc warrior (D:7)
  A sky beast (D:6)
  A black bear (Lair:1)
  3 ice beasts
  2 necrophages
  4 wolves (Lair:1)
  An ogre (D:5)
  A centaur (D:9)
  4 bullfrogs
  3 kobold brigands
  3 scorpions
  A water moccasin zombie (D:6)
  5 killer bees (D:8)
  3 water moccasin skeletons
  10 wights
  An electric eel (Lair:1)
  2 howler monkeys
  A bullfrog zombie (D:7)
  2 centaur zombies
  3 hounds
  2 orc priests (D:7)
  A gnoll shaman (D:9)
  A bullfrog skeleton (D:5)
  A jelly (D:6)
  A centaur skeleton (D:7)
  2 iguanas (D:6)
  5 orc wizards
  A hound zombie (D:5)
  2 hound skeletons (D:4)
  A howler monkey zombie (D:10)
  7 gnolls
  7 adders
  2 white imps
  An ufetubus (D:7)
  An adder skeleton (D:4)
  2 worms
  6 dart slugs
  23 orcs
  5 endoplasms
  A giant cockroach (D:4)
  7 hobgoblins
  2 jackals (D:1)
  14 kobolds
  6 quokkas
  5 ball pythons
  2 bats
  3 frilled lizards
  4 goblins
  6 rats
207 creatures vanquished.

Vanquished Creatures (others)
  A fungus (Lair:1)
  2 plants
3 creatures vanquished.

Grand Total: 210 creatures vanquished

Notes
Turn   | Place    | Note
-------+----------+-------------------------------------------
     0 | D:1      | Alarkh the Demonspawn Transmuter began the quest for the
                  | Orb.
     0 | D:1      | Reached XP level 1. HP: 15/15 MP: 3/3
   236 | D:1      | Found Yjiefep's Antique Armour Boutique.
   246 | D:1      | Gained mutation: Spells you cast may paralyse adjacent
                  | enemies. [demonic ancestry]
   246 | D:1      | Reached XP level 2. HP: 21/21 MP: 5/5
   255 | D:1      | Reached skill level 3 in Unarmed Combat
   318 | D:1      | Found Emmon's Antique Weapon Shop.
   370 | D:1      | Found Highiv's Weapon Emporium.
   384 | D:1      | Found Arauqi's General Store.
   392 | D:1      | Found Coychiopt's Book Shoppe.
   402 | D:1      | Found a faded altar of an unknown god.
   834 | D:2      | Gained mutation: You have sharp fingernails. [demonic
                  | ancestry]
   834 | D:2      | Reached XP level 3. HP: 26/26 MP: 6/6
   867 | D:2      | Learned a level 3 spell: Spider Form
  1700 | D:3      | Reached XP level 4. HP: 20/33 MP: 7/7
  1705 | D:3      | Learned a level 4 spell: Ice Form
  2130 | D:3      | Gained mutation: You regenerate a little health from kills.
                  | [demonic ancestry]
  2130 | D:3      | Reached XP level 5. HP: 21/38 MP: 5/9
  2392 | D:4      | Reached skill level 4 in Unarmed Combat
  3276 | D:5      | Entered Level 5 of the Dungeon
  3318 | D:5      | Reached XP level 6. HP: 28/46 MP: 10/10
  3532 | D:5      | Found Wocsauh's Assorted Antiques.
  3543 | D:5      | Reached skill level 5 in Unarmed Combat
  3543 | D:5      | Reached XP level 7. HP: 52/52 MP: 9/12
  3984 | D:5      | Found Febyss's Antique Weapon Emporium.
  4264 | D:6      | Reached skill level 6 in Unarmed Combat
  4264 | D:6      | Gained mutation: You are partially covered in yellow
                  | scales. (AC +2) [demonic ancestry]
  4264 | D:6      | Reached XP level 8. HP: 52/60 MP: 14/14
  4608 | D:6      | Found a basalt altar of Yredelemnul.
  5053 | D:7      | Reached skill level 7 in Unarmed Combat
  5104 | D:7      | Reached skill level 5 in Fighting
  5184 | D:7      | Reached skill level 5 in Spellcasting
  5342 | D:7      | Reached skill level 5 in Transmutations
  5416 | D:7      | Found a staircase to the Ecumenical Temple.
  5829 | D:7      | Gained mutation: You are mostly covered in yellow scales.
                  | (AC +3) [demonic ancestry]
  5829 | D:7      | Reached XP level 9. HP: 42/68 MP: 13/16
  6115 | D:7      | Noticed Joseph
  6131 | D:7      | Killed Joseph
  6424 | D:8      | Noticed Prince Ribbit
  6438 | D:8      | Killed Prince Ribbit
  6474 | D:8      | Reached skill level 8 in Unarmed Combat
  6694 | D:8      | Identified the +0 leather armour "Nog Siga" {rElec Will+}
  6887 | Temple   | Entered the Ecumenical Temple
  7162 | Temple   | Became a worshipper of Cheibriados the Contemplative
  7237 | D:9      | Noticed a komodo dragon
  7246 | D:9      | Killed a komodo dragon
  7247 | D:9      | Reached skill level 1 in Invocations
  7325 | D:9      | Reached skill level 1 in Stealth
  7433 | D:9      | Found Dera's Antique Armour Shop.
  7457 | D:9      | Bought a fine ring mail for 189 gold pieces
  7457 | D:9      | Identified the +1 ring mail "Sosy" {Contam Fly Str+8
                  | Stlth+} (You bought it in a shop on level 9 of the Dungeon)
  7497 | D:9      | Found Aralec's Jewellery Boutique.
  7554 | D:9      | Found Kuircheo's General Store.
  7627 | D:9      | Found Vaplop's Weapon Shop.
  7882 | D:9      | Noticed a deep elf pyromancer
  7899 | D:9      | Killed a deep elf pyromancer
  7900 | D:9      | Gained mutation: Spells you cast may paralyse nearby
                  | enemies. [demonic ancestry]
  7900 | D:9      | Reached XP level 10. HP: 28/77 MP: 14/19
  7971 | D:9      | Reached skill level 12 in Unarmed Combat
  7971 | D:9      | Gained mutation: Spells you cast and wands you use may
                  | paralyse nearby enemies. [demonic ancestry]
  7971 | D:9      | Reached XP level 11. HP: 82/82 MP: 20/20
  8028 | D:10     | Entered Level 10 of the Dungeon
  8170 | D:10     | Found a staircase to the Lair.
  8266 | D:10     | Reached * piety under Cheibriados
  8277 | D:10     | Noticed a cyan ugly thing
  8285 | D:10     | Killed a cyan ugly thing
  8308 | D:10     | Found Biufanifedgh's Assorted Antiques.
  8368 | D:10     | Found Ussar's Distillery.
  8500 | D:10     | Found Wify's Antique Weapon Shoppe.
  8619 | D:10     | Noticed a two-headed ogre
  8627 | D:10     | Killed a two-headed ogre
  8644 | D:10     | Noticed a two-headed ogre
  8653 | D:10     | Killed a two-headed ogre
  8806 | Lair:1   | Entered Level 1 of the Lair of Beasts
  8823 | Lair:1   | Learned a level 5 spell: Hydra Form
  9142 | Lair:1   | Reached ** piety under Cheibriados
  9469 | Lair:1   | Noticed a seven-headed hydra
  9483 | Lair:1   | Slain by a seven-headed hydra

Illustrated notes

Levels and vault maps discovered:
D:1:      roderic_crossed_star, layout_rooms, serial_shops, shop, shop,
          nicolae_shop_stone, shop, shop_statue,
          hellmonk_ecumenical_altar_run_dry, serial_rivers,
          chequers_serial_rivers_micro_e, chequers_serial_rivers_micro_b,
          chequers_serial_rivers_small_3, chequers_serial_rivers_large_a
D:2:      layout_basic
D:3:      layout_rooms
D:4:      layout_basic
D:5:      layout_basic, serial_shops, shop, shop
D:6:      layout_layer_cave, lemuel_crystal_altar
D:7:      layout_basic, temple_statues, minmay_misc_feat_more_columns,
          uniq_joseph
D:8:      layout_basic, uniq_prince_ribbit1
D:9:      layout_roguey, serial_shops, nicolae_shop_statue_plus, shop,
          nicolae_shop_temple_entry_statues_fountains, shop
D:10:     layout_gridville, dpeg_oklobed_lair, serial_shops, shop,
          nicolae_shop_temple_entry_statues_fountains, nicolae_shop_behind_doors
Temple:   nicolae_temple_the_god_donut
Lair:1:   layout_chaotic_city, eino_small_chamber_without_monster,
          chequers_serial_rivers_micro_b, infiniplex_staircase_pool

Skill      XL: |  1  2  3  4  5  6  7  8  9 10 11 |
---------------+----------------------------------+-----
Unarmed Combat | 3 4 5 6 7 8 12 | 12.9
Transmutations | 2 3 4 5 6 |  6.8
Fighting       | 2 3 4 5 6 7 |  7.2
Spellcasting   | 3 4 5 6 |  6.8
Dodging        | 2 3 |  3.8
Invocations    | 2 4 |  4.8
Stealth        | 1 3 |  3.7

Action                   |  1- 3 |  4- 6 |  7- 9 | 10-12 || total
-------------------------+-------+-------+-------+-------++-------
Melee: Unarmed           |   106 |   144 |   295 |   131 ||   676
       Headbutt          |     5 |     7 |     1 |       ||    13
       Kick              |     8 |    12 |     1 |       ||    21
       Punch             |     2 |     4 |     5 |     3 ||    14
 Cast: Beastly Appendage |    17 |    14 |     1 |     1 ||    33
       Spider Form       |       |     6 |    20 |     3 ||    29
       Ice Form          |       |       |     7 |     6 ||    13
       Hydra Form        |       |       |       |     8 ||     8
Invok: Bend Time         |       |       |     1 |       ||     1
 Abil: End Transformatio |       |       |       |     1 ||     1
  Use: Scroll            |       |       |     9 |     7 ||    16
       Potion            |       |       |     6 |     1 ||     7
 Stab: Paralysed         |     2 |     2 |    10 |     5 ||    19
       Invisible         |       |       |     6 |       ||     6
       Sleeping          |       |       |     1 |     1 ||     2
Armor: Robe              |     7 |     8 |    27 |     6 ||    48
       Skin              |       |     1 |    17 |    12 ||    30
       Troll leather arm |       |       |       |     3 ||     3
Dodge: Dodged            |    57 |   118 |   178 |    55 ||   408

Table legend: (Time is in decaauts)
 A = Elapsed time spent in this place.
 B = Non-inter-level travel time spent in this place.
 C = Inter-level travel time spent in this place.
 D = Time resting spent in this place.
 E = Time spent auto-exploring this place.
 F = Levels seen in this place.
 G = Mean time per level.
                   A        B        C        D        E       F      G
               +--------+--------+--------+--------+--------+-----+--------+
         Total |  10070 |   9496 |    574 |    143 |   7709 |  12 |  839.2 |
       Dungeon |   8904 |   8379 |    525 |    128 |   6806 |  10 |  890.4 |
        Temple |    307 |    258 |     49 |      0 |    256 |   1 |  307.0 |
          Lair |    859 |    859 |      0 |     15 |    646 |   1 |  859.0 |
               +--------+--------+--------+--------+--------+-----+--------+

Top non-repeatable levels by time:
     D:7: 1378 daAuts
    D:10: 980 daAuts
     D:9: 932 daAuts
     D:2: 922 daAuts
     D:5: 900 daAuts
     D:4: 891 daAuts
  Lair:1: 859 daAuts
     D:6: 848 daAuts
     D:1: 801 daAuts
     D:3: 666 daAuts
     D:8: 582 daAuts
  Temple: 307 daAuts
